TOP OF THE 1ST |
Stockton Ports batting - Pitching for Winston-Salem Dash : RHP Israiky Berroa
|
Pitching: RHP Israiky Berroa
|
|
Batting: RHB Saul Fortuna
|
0-0: Called Strike 0-1: Foul Ball, location: 2F 0-2: Ball 1-2: Strikes out swinging
|
Batting: RHB Carlos Belonis
|
0-0: Ball 1-0: Called Strike 1-1: Ball 2-1: Ground out 6-3 (Groundball, 4M)
|
Batting: LHB Jake Cronenworth
|
0-0: Ball 1-0: Called Strike 1-1: Swinging Strike 1-2: SINGLE (Groundball, 4M) (infield hit)
|
Batting: LHB Nathaniel Lowe
|
0-0: Called Strike 0-1: Ball Jake Cronenworth steals 2nd base 1-1: SINGLE (Groundball, 4MD) Jake Cronenworth to third Runner from 3rd tries for Home, SAFE, throw made home
|
Batting: RHB Blaise Salter
|
0-0: Ball 1-0: Ground out 5-3 (Groundball, 56S)
|
Top of the 1st over - 1 run, 2 hits, 0 errors, 1 left on base; Stockton 1 - Winston-Salem 0 |
BOTTOM OF THE 1ST |
Winston-Salem Dash batting - Pitching for Stockton Ports : RHP Anderson Paulino
|
Pitching: RHP Anderson Paulino
|
|
Batting: RHB Everson Pereira
|
0-0: Ball 1-0: Ball 2-0: Called Strike 2-1: Ball 3-1: Ground out 4-3 (Groundball, 4S)
|
Batting: SHB Ronny Mauricio
|
0-0: Ball 1-0: Fly out, F8 (Flyball, 8RD)
|
Batting: RHB Dariel Alvarez
|
0-0: Ball 1-0: Ball 2-0: Swinging Strike 2-1: Fly out, F7 (Flyball, 78XD)
|
Bottom of the 1st over - 0 runs, 0 hits, 0 errors, 0 left on base; Stockton 1 - Winston-Salem 0 |
TOP OF THE 2ND |
Stockton Ports batting - Pitching for Winston-Salem Dash : RHP Israiky Berroa
|
Batting: RHB Alejandro Salazar
|
0-0: Ground out U3 (Groundball, 34)
|
Batting: RHB Alex Kowalczyk
|
0-0: Ball 1-0: Called Strike 1-1: Fly out, F8 (Flyball, 8RS)
|
Batting: RHB Gregory Guerrero
|
0-0: Foul Ball, location: 2F 0-1: Ball 1-1: Foul Ball, location: 2F 1-2: Foul Ball, location: 2F 1-2: Foul Ball, location: 2F 1-2: Ball 2-2: Ball 3-2: Strikes out swinging
|
Top of the 2nd over - 0 runs, 0 hits, 0 errors, 0 left on base; Stockton 1 - Winston-Salem 0 |
BOTTOM OF THE 2ND |
Winston-Salem Dash batting - Pitching for Stockton Ports : RHP Anderson Paulino
|
Batting: RHB Luis Almanzar
|
0-0: Called Strike 0-1: Called Strike 0-2: SINGLE (Groundball, 56S) (infield hit)
|
Batting: RHB Danny Diaz
|
0-0: Foul Ball, location: 2F 0-1: Grounds into double play, 6-4-3 (Groundball, 6S)
|
Batting: SHB Jenderson Jardines
|
0-0: SINGLE (Groundball, 4MD)
|
Batting: RHB Miguel Marte
|
0-0: Ball Jenderson Jardines is caught stealing 2nd base
|
Bottom of the 2nd over - 0 runs, 2 hits, 0 errors, 0 left on base; Stockton 1 - Winston-Salem 0 |
TOP OF THE 3RD |
Stockton Ports batting - Pitching for Winston-Salem Dash : RHP Israiky Berroa
|
Batting: RHB Isaiah Smith
|
0-0: SINGLE (Line Drive, 6D)
|
Batting: RHB Saul Fortuna
|
0-0: Ball 1-0: Sac Bunt - play at first, batter OUT! 1-3 Isaiah Smith to second
|
Batting: RHB Carlos Belonis
|
0-0: Foul Ball, location: 2F 0-1: Called Strike 0-2: Ball 1-2: Foul Ball, location: 2F 1-2: Fly out, F8 (Flyball, 8RD)
|
Batting: LHB Jake Cronenworth
|
0-0: Called Strike 0-1: Ball 1-1: Foul Ball, location: 2F 1-2: Strikes out swinging
|
Top of the 3rd over - 0 runs, 1 hit, 0 errors, 1 left on base; Stockton 1 - Winston-Salem 0 |
BOTTOM OF THE 3RD |
Winston-Salem Dash batting - Pitching for Stockton Ports : RHP Anderson Paulino
|
Batting: RHB Miguel Marte
|
0-0: Foul Ball, location: 2F 0-1: Called Strike 0-2: Fly out, F8 (Line Drive, 8RD)
|
Batting: RHB Julio B. Rodriguez
|
0-0: Ball 1-0: Ball 2-0: Fly out, F6 (Popup, 6)
|
Batting: LHB Juan Santana
|
0-0: Ball 1-0: Ground out 1-3 (Groundball, P)
|
Bottom of the 3rd over - 0 runs, 0 hits, 0 errors, 0 left on base; Stockton 1 - Winston-Salem 0 |
TOP OF THE 4TH |
Stockton Ports batting - Pitching for Winston-Salem Dash : RHP Israiky Berroa
|
Batting: LHB Nathaniel Lowe
|
0-0: Ball 1-0: Foul Ball, location: 2F 1-1: Ball 2-1: Ball 3-1: Foul Ball, location: 2F 3-2: Foul Ball, location: 2F 3-2: Foul Ball, location: 2F 3-2: Base on Balls
|
Batting: RHB Blaise Salter
|
0-0: Called Strike 0-1: Fly out, F8 (Line Drive, 8LD)
|
Batting: RHB Alejandro Salazar
|
0-0: Foul Ball, location: 2F 0-1: Grounds into double play, 6-4-3 (Groundball, 6)
|
Top of the 4th over - 0 runs, 0 hits, 0 errors, 0 left on base; Stockton 1 - Winston-Salem 0 |
BOTTOM OF THE 4TH |
Winston-Salem Dash batting - Pitching for Stockton Ports : RHP Anderson Paulino
|
Batting: RHB Everson Pereira
|
0-0: Bunt for hit - play at first, batter OUT! 1-3
|
Batting: SHB Ronny Mauricio
|
0-0: Called Strike 0-1: Ground out 6-3 (Groundball, 56)
|
Batting: RHB Dariel Alvarez
|
0-0: Ball 1-0: Fly out, F9 (Flyball, 9LDF)
|
Bottom of the 4th over - 0 runs, 0 hits, 0 errors, 0 left on base; Stockton 1 - Winston-Salem 0 |
TOP OF THE 5TH |
Stockton Ports batting - Pitching for Winston-Salem Dash : RHP Israiky Berroa
|
Batting: RHB Alex Kowalczyk
|
0-0: Ball 1-0: Ball 2-0: Called Strike 2-1: DOUBLE (Line Drive, 5D)
|
Batting: RHB Gregory Guerrero
|
0-0: Ground out U3 (Groundball, 3) Alex Kowalczyk to third
|
Batting: RHB Isaiah Smith
|
0-0: Ball 1-0: Ball 2-0: Ground out U3 (Groundball, 34) Alex Kowalczyk scores
|
Batting: RHB Saul Fortuna
|
0-0: Fly out, F9 (Flyball, 9LS)
|
Top of the 5th over - 1 run, 1 hit, 0 errors, 0 left on base; Stockton 2 - Winston-Salem 0 |
BOTTOM OF THE 5TH |
Winston-Salem Dash batting - Pitching for Stockton Ports : RHP Anderson Paulino
|
Batting: RHB Luis Almanzar
|
0-0: Called Strike 0-1: Called Strike 0-2: Foul Ball, location: 2F 0-2: Strikes out swinging
|
Batting: RHB Danny Diaz
|
0-0: Ball 1-0: Ball 2-0: Fly out, F7 (Flyball, 7LM)
|
Batting: SHB Jenderson Jardines
|
0-0: Ball 1-0: Called Strike 1-1: Ball 2-1: Ball 3-1: Called Strike 3-2: DOUBLE (Flyball, 8LD)
|
Batting: RHB Miguel Marte
|
0-0: Called Strike 0-1: Ball 1-1: Swinging Strike 1-2: Strikes out swinging
|
Bottom of the 5th over - 0 runs, 1 hit, 0 errors, 1 left on base; Stockton 2 - Winston-Salem 0 |
TOP OF THE 6TH |
Stockton Ports batting - Pitching for Winston-Salem Dash : RHP Israiky Berroa
|
Batting: RHB Carlos Belonis
|
0-0: Ball 1-0: Ground out 6-3 (Groundball, 6)
|
Batting: LHB Jake Cronenworth
|
0-0: Ground out 4-3 (Groundball, 34D)
|
Batting: LHB Nathaniel Lowe
|
0-0: Ball 1-0: Ball 2-0: DOUBLE (Groundball, 3L)
|
Batting: RHB Blaise Salter
|
0-0: Foul Ball, location: 2F 0-1: Ground out 1-3 (Groundball, 13)
|
Top of the 6th over - 0 runs, 1 hit, 0 errors, 1 left on base; Stockton 2 - Winston-Salem 0 |
BOTTOM OF THE 6TH |
Winston-Salem Dash batting - Pitching for Stockton Ports : RHP Anderson Paulino
|
Batting: RHB Julio B. Rodriguez
|
0-0: Foul Ball, location: 2F 0-1: Ground out 5-3 (Groundball, 5)
|
Batting: LHB Juan Santana
|
0-0: Ball 1-0: Foul Ball, location: 2F 1-1: Ball 2-1: Foul Ball, location: 2F 2-2: Ball 3-2: Base on Balls
|
Batting: RHB Everson Pereira
|
0-0: Ball 1-0: Fly out, F3 (Popup, 3SF)
|
Batting: SHB Ronny Mauricio
|
0-0: Swinging Strike 0-1: Called Strike 0-2: Ball 1-2: Fly out, F7 (Flyball, 7)
|
Bottom of the 6th over - 0 runs, 0 hits, 0 errors, 1 left on base; Stockton 2 - Winston-Salem 0 |
TOP OF THE 7TH |
Stockton Ports batting - Pitching for Winston-Salem Dash : RHP Israiky Berroa
|
Batting: RHB Alejandro Salazar
|
0-0: Ball 1-0: Fly out, F9 (Line Drive, 9D)
|
Batting: RHB Alex Kowalczyk
|
0-0: Called Strike 0-1: Called Strike 0-2: Ball 1-2: Ball 2-2: Strikes out swinging
|
Batting: RHB Gregory Guerrero
|
0-0: Called Strike 0-1: Ball 1-1: Called Strike 1-2: Ball 2-2: Ground out 5-3 (Groundball, 56S)
|
Top of the 7th over - 0 runs, 0 hits, 0 errors, 0 left on base; Stockton 2 - Winston-Salem 0 |
BOTTOM OF THE 7TH |
Winston-Salem Dash batting - Pitching for Stockton Ports : RHP Anderson Paulino
|
Batting: RHB Dariel Alvarez
|
0-0: Called Strike 0-1: Ball 1-1: SOLO HOME RUN (Flyball, 9D), Distance : 387 ft
|
Batting: RHB Luis Almanzar
|
0-0: Ball 1-0: Ball 2-0: Ball 3-0: Called Strike 3-1: Foul Ball, location: 2F 3-2: Foul Ball, location: 2F 3-2: Foul Ball, location: 2F 3-2: Base on Balls
|
Pitching: RHP Teodoro Ortega
|
|
Batting: RHB Danny Diaz
|
0-0: Ball 1-0: Swinging Strike 1-1: Ball 2-1: 2-RUN HOME RUN (Flyball, 78XD), Distance : 427 ft
|
Batting: SHB Jenderson Jardines
|
0-0: Hit by Pitch
|
Batting: RHB Miguel Marte
|
0-0: Called Strike 0-1: Ball 1-1: Ball 2-1: Foul Ball, location: 2F 2-2: Grounds into double play, 6-4-3 (Groundball, 6)
|
Batting: RHB Julio B. Rodriguez
|
0-0: Called Strike 0-1: SINGLE (Line Drive, 4D)
|
Pitching: RHP Tyler Zombro
|
|
Batting: LHB Juan Santana
|
0-0: Called Strike Julio B. Rodriguez is caught stealing 2nd base
|
Bottom of the 7th over - 3 runs, 3 hits, 0 errors, 0 left on base; Stockton 2 - Winston-Salem 3 |
TOP OF THE 8TH |
Stockton Ports batting - Pitching for Winston-Salem Dash : RHP Israiky Berroa
|
Batting: RHB Isaiah Smith
|
0-0: Foul Ball, location: 2F 0-1: Called Strike 0-2: Ball 1-2: Foul Ball, location: 2F 1-2: Ball 2-2: Fly out, F4 (Popup, 4D)
|
Batting: RHB Saul Fortuna
|
0-0: Ball 1-0: Fly out, F9 (Line Drive, 9D)
|
Batting: RHB Carlos Belonis
|
0-0: Ball 1-0: Foul Ball, location: 2F 1-1: Ball 2-1: Ball 3-1: Base on Balls
|
Batting: LHB Jake Cronenworth
|
0-0: Foul Ball, location: 2F 0-1: Ball 1-1: Ball 2-1: Foul Ball, location: 2F 2-2: Ground out 4-3 (Groundball, 34)
|
Top of the 8th over - 0 runs, 0 hits, 0 errors, 1 left on base; Stockton 2 - Winston-Salem 3 |
BOTTOM OF THE 8TH |
Winston-Salem Dash batting - Pitching for Stockton Ports : RHP Tyler Zombro
|
Batting: LHB Juan Santana
|
0-0: Foul Ball, location: 2F 0-1: Swinging Strike 0-2: Ball 1-2: Ball 2-2: Ball 3-2: Foul Ball, location: 2F 3-2: Base on Balls
|
Pinch Hitting: SHB Justin Lopez
|
0-0: Called Strike 0-1: Ball 1-1: Fly out, F8 (Flyball, 8RD)
|
Batting: SHB Ronny Mauricio
|
0-0: Ball 1-0: Foul Ball, location: 2F 1-1: Ball 2-1: Called Strike 2-2: Fly out, F8 (Flyball, 8RD)
|
Batting: RHB Dariel Alvarez
|
0-0: SINGLE (Line Drive, 8RS) Juan Santana to second
|
Batting: RHB Luis Almanzar
|
0-0: Ball 1-0: Ball 2-0: Called Strike 2-1: Ball 3-1: Base on Balls Juan Santana to third Dariel Alvarez to second
|
Batting: RHB Danny Diaz
|
0-0: Fielders Choice at 2nd, 6-4 (Groundball, 6)
|
Bottom of the 8th over - 0 runs, 1 hit, 0 errors, 3 left on base; Stockton 2 - Winston-Salem 3 |
TOP OF THE 9TH |
Stockton Ports batting - Pitching for Winston-Salem Dash : RHP Israiky Berroa
|
Now in CF: Albert Avila
|
|
Batting: LHB Nathaniel Lowe
|
0-0: Ground out 6-3 (Groundball, 4M)
|
Batting: RHB Blaise Salter
|
0-0: Called Strike 0-1: Called Strike 0-2: Foul Ball, location: 2F 0-2: Ball 1-2: Foul Ball, location: 2F 1-2: Foul Ball, location: 2F 1-2: SINGLE (Line Drive, 34D)
|
Batting: RHB Alejandro Salazar
|
0-0: Ball 1-0: Foul Ball, location: 2F 1-1: Ball 2-1: Ball 3-1: Base on Balls Blaise Salter to second
|
Pinch Runner at 2nd Jose Azocar:
|
|
Batting: RHB Alex Kowalczyk
|
0-0: Called Strike 0-1: Swinging Strike 0-2: Strikes out swinging
|
Pinch Hitting: RHB David Greer
|
0-0: Fielders Choice at 2nd, 6-4 (Groundball, 6)
|
Top of the 9th over - 0 runs, 1 hit, 0 errors, 2 left on base; Stockton 2 - Winston-Salem 3 |
|